 Dungeon Crawl Stone Soup version 0.29-a0-284-gf9362112df (webtiles) character file.

Game seed: 8632399838097771515

7 NinjaNoafa the Bolt Thrower (level 1, 0/18 HPs)
             Began as a Minotaur Hunter on Mar 28, 2022.
             Slain by a kobold
             ... wielding a +0 short sword
              (2 damage)
             ... on level 1 of the Dungeon.
             The game lasted 00:03:05 (180 turns).

NinjaNoafa the Bolt Thrower (Minotaur Hunter)        Turns: 180, Time: 00:03:08

Health: 0/18       AC:  3    Str: 15    XL:     1   Next: 83%
Magic:  0/0        EV: 12    Int:  6    God:
Gold:   0          SH:  0    Dex: 13    Spells: 0/0 levels left

rFire   . . .      SeeInvis .   (no weapon)
rCold   . . .      Faith    .   (no shield)
rNeg    . . .      Spirit   .   b - +0 leather armour
rPois   .          Reflect  .   (helmet restricted)
rElec   .          Harm     .   (no cloak)
rCorr   .          Rampage  .   (no gloves)
Will    .....                   (no boots)
Stlth   +.........              (no amulet)
HPRegen 0.06/turn               (no ring)
MPRegen 0.07/turn               (no ring)

@: no status effects
A: horns 2, retaliatory headbutt
a: no special abilities


You were on level 1 of the Dungeon.
You visited 1 branch of the dungeon, and saw 1 of its levels.

Inventory:

Hand Weapons
 a - a +1 hand crossbow
Missiles
 e - 24 stones
Armour
 b - a +0 leather armour (worn)
Scrolls
 c - a scroll of immolation
 d - a scroll of fear {unknown}
 f - a scroll of enchant weapon {unknown}


   Skills:
 + Level 2.4 Fighting
 + Level 4.8 Crossbows
 + Level 2.1 Dodging
 + Level 0.7 Stealth


You couldn't memorise any spells.
You didn't know any spells.
Your spell library was empty.

Dungeon Overview and Level Annotations

Branches:
Dungeon (1/15)

Altars:

Shops:
D:1 !


Innate Abilities, Weirdness & Mutations

You have a pair of horns on your head.
You reflexively headbutt those who attack you in melee.


Message History

There is an entrance to Sodea's Distillery here.
You completely miss the kobold. The kobold hits you but does no damage.
A hobgoblin comes into view.
The hobgoblin misses you.
You closely miss the kobold. Your headbutt misses the kobold.
The kobold completely misses you. The hobgoblin barely misses you.
You furiously retaliate!
You headbutt the hobgoblin!
You kill the hobgoblin!
You barely miss the kobold. The kobold closely misses you.
The kobold hits you with a +0 short sword.
The hobgoblin closely misses you.
You clumsily bash the kobold but do no damage.
The kobold closely misses you. The hobgoblin closely misses you.
You clumsily bash the kobold but do no damage.
The hobgoblin hits you. The kobold barely misses you.
You clumsily bash the kobold but do no damage.
The kobold hits you with a +0 short sword.
The hobgoblin misses you.
A jackal comes into view.
The jackal barks!
You clumsily bash the kobold but do no damage.
The hobgoblin hits you.
The kobold hits you with a +0 short sword.
A ball python comes into view.
The kobold closely misses you. The hobgoblin barely misses you.
You are too injured to fight recklessly!
Okay, then.
You barely miss the kobold. The hobgoblin hits you.
* * * LOW HITPOINT WARNING * * *
The kobold hits you with a +0 short sword.
* * * LOW HITPOINT WARNING * * *
The kobold closely misses you.
You are now empty-handed.
You barely miss the hobgoblin.
The ball python hisses angrily.
You headbutt the hobgoblin.
You kill the hobgoblin!
A quokka comes into view.
The kobold hits you with a +0 short sword.
You die...

########.##
#....### #.:r
####...# ...##
#....#.#####....#.
#.####........S.g.
# ##...♣......
#..♣.♣h.#
#.♣..K♣g# #♣..∩@†♣
#.♣...♣.#
#..♣.♣..#
#...♣...# .....
..## .###.. ..# #
#.. ..# ... ..#


You could see a quokka (wandering), a jackal, a hobgoblin, a ball python and a
kobold.

Vanquished Creatures
  4 giant cockroaches (D:1)
  2 hobgoblins (D:1)
6 creatures vanquished.

Vanquished Creatures (others)
  6 fungi (D:1)
6 creatures vanquished.

Grand Total: 12 creatures vanquished

Notes
Turn   | Place    | Note
-------+----------+-------------------------------------------
     0 | D:1      | NinjaNoafa the Minotaur Hunter began the quest for the Orb.
     0 | D:1      | Reached XP level 1. HP: 18/18 MP: 0/0
   153 | D:1      | Found Sodea's Distillery.
   180 | D:1      | Slain by a kobold

Illustrated notes

Levels and vault maps discovered:
D:1:      dpeg_arrival_prison, layout_loops_cross, serial_shops,
          nicolae_diamond_shop, dreamdust_ecumenical_altar_angels_and_demons,
          minmay_tromino_v4_a

Action                   || total
-------------------------++-------
Melee: Unarmed           ||    11
       Hand crossbow     ||    10
       Headbutt          ||     4
 Fire: Hand crossbow     ||    19
Armor: Leather armour    ||     7
Dodge: Dodged            ||    21

Table legend: (Time is in decaauts)
 A = Elapsed time spent in this place.
 B = Non-inter-level travel time spent in this place.
 C = Inter-level travel time spent in this place.
 D = Time resting spent in this place.
 E = Time spent auto-exploring this place.
 F = Levels seen in this place.
 G = Mean time per level.
                   A        B        C        D        E       F      G
               +--------+--------+--------+--------+--------+-----+--------+
         Total |    188 |    188 |      0 |      0 |      0 |   1 |  188.0 |
       Dungeon |    188 |    188 |      0 |      0 |      0 |   1 |  188.0 |
               +--------+--------+--------+--------+--------+-----+--------+

Top non-repeatable levels by time:
     D:1: 188 daAuts
